 Dungeon Sprint DCSS version 0.31-a0-851-g7ff8af7976 (webtiles) character file.

Game seed: 6105122475688533383

80 sircluck the Ruffian (level 4, -4/49 HPs)
             Began as a Troll Berserker on Oct 6, 2023.
             Was a Priest of Trog.
             Slain by a fire elemental (11 damage)
             ... summoned by a deep elf pyromancer
             ... in the Dungeon (Sprint III: "The Ten Rune Challenge").
             The game lasted 00:00:31 (155 turns).

sircluck the Ruffian (Troll Berserker)               Turns: 155, Time: 00:00:32

Health: -4/49      AC:  4    Str: 27    XL:     4   Next: 18%
Magic:  3/3        EV: 10    Int:  3    God:    Trog [***...]
Gold:   29         SH:  0    Dex:  9    Spells: 3/3 levels left

rFire   . .          .
                       - Unarmed
rCold   . . .        (no shield)
rNeg    . . .        a - +0 animal skin
rPois   .            (helmet restricted)
rElec   .            (no cloak)
rCorr   .            (gloves unavailable)
SInv    .            (boots unavailable)
Will    .....        (no amulet)
Stlth   +            (no ring)
HPRegen 1.88/turn    (no ring)
MPRegen 0.08/turn

%: no teleportation, clarity
@: no status effects
A: large, unfitting armour, claws 3, regeneration 2, shaggy fur 1, tough skin 1,
clarity
a: Renounce Religion, Berserk, Trog's Hand


You were in the Dungeon.
You worshipped Trog.
Trog was most pleased with you.
You visited 1 branch You collected 29 gold pieces.

Inventory:

Armour
 a - a +0 animal skin (worn)
Scrolls
 g - a scroll of blinking
 h - 3 scrolls of torment {unknown}
 i - a scroll of amnesia {unknown}
 k - 2 scrolls of immolation {unknown}
 l - 2 scrolls of identify {unknown}
Potions
 b - a potion of curing
 c - 2 potions of heal wounds
 d - 2 potions of haste
 e - 2 potions of magic
 f - a potion of berserk rage
 j - a potion of mutation
 m - 2 potions of enlightenment


   Skills:
 + Level 4.6 Fighting
 + Level 4.6 Dodging
 + Level 5.6 Unarmed Combat


You had 3 spell levels left.
You didn't know any spells.
Your spell library was empty.

Dungeon Overview and Level Annotations

Branches:
Dungeon (1/1)

Altars:
Elyvilon
Zin
The Shining One


Innate Abilities, Weirdness & Mutations

You are too large for most types of armour.
You have claws for hands.
You heal very quickly.
You are covered in fur. (AC +1)
You have tough skin. (AC +1)
You possess an exceptional clarity of mind.


Message History

You open the door.
Found three altars.
A deep elf pyromancer comes into view.
It is wielding a +4 long sword of holy wrath.
Found 2 potions of heal wounds.
The deep elf pyromancer shouts!
There is an open door here.
You barely miss the deep elf pyromancer.
The deep elf pyromancer hits you with a +4 long sword of holy wrath!
You barely miss the deep elf pyromancer.
You claw the deep elf pyromancer.
The deep elf pyromancer is lightly wounded.
You barely miss the deep elf pyromancer.
The deep elf pyromancer is lightly wounded.
The deep elf pyromancer misses you.
You miss the deep elf pyromancer.
The deep elf pyromancer is lightly wounded.
The deep elf pyromancer mumbles some strange words.
The deep elf pyromancer blinks!
The deep elf pyromancer mumbles some strange words.
You claw the deep elf pyromancer!
The deep elf pyromancer is moderately wounded.
The deep elf pyromancer gestures wildly while chanting.
The fire elemental barely misses you.
You scratch the deep elf pyromancer.
The deep elf pyromancer is moderately wounded.
The deep elf pyromancer mumbles some strange words.
The deep elf pyromancer blinks!
The fire elemental hits you. The fire elemental burns you!
The fire elemental hits you. The fire elemental burns you!
You barely miss the fire elemental. The fire elemental hits you.
The fire elemental burns you! The fire elemental hits you.
The fire elemental burns you!
* * * LOW HITPOINT WARNING * * *
You are too injured to fight recklessly!
You are too injured to fight recklessly!
You are too injured to fight recklessly!
You are too injured to fight recklessly!
The fire elemental barely misses you. The fire elemental hits you.
The fire elemental burns you!
You die...

▓▓▓▓▓▓▓▓▓ ▓▓▓ ..'.....♣♣
♣.##### ..#......♣
♣♣.#___# ###......♣
..#!..#
..#....~.♣♣♣♣.###'#+###+#
..#...~~..♣.♣.#.E........
..#..~~~~...♣.'.@E§......
#'#..~≈≈†~~♣♣.#...######+
..#.~~≈~~~....#.e.#
..#.~≈~~~.....#...#
..#.~~~.......#+###
###...........#
..............#
▓▓▓▓▓▓▓▓▓▓▓▓▓▓▓


You could see a deep elf pyromancer and 2 fire elementals.

Vanquished Creatures
  A water elemental (D)
  A human (D)
  A phantom (D)
  4 rats (D)
7 creatures vanquished.

Notes
Turn   | Place    | Note
-------+----------+-------------------------------------------
     0 | D        | sircluck the Troll Berserker began the quest for the Orb.
     0 | D        | Reached XP level 1. HP: 22/22 MP: 0/0
    13 | D        | Reached ** piety under Trog
    85 | D        | Reached skill level 4 in Unarmed Combat
    85 | D        | Reached XP level 2. HP: 11/32 MP: 1/1
    85 | D        | Gained mutation: You are dopey. (Int -2) [potion of
                  | mutation]
    85 | D        | Gained mutation: You heal very quickly. [potion of
                  | mutation]
    85 | D        | Gained mutation: You are clumsy. (Dex -2) [potion of
                  | mutation]
    86 | D        | Lost mutation: You are clumsy. (Dex -2) [potion of
                  | mutation]
    86 | D        | Lost mutation: You are dopey. (Int -2) [potion of mutation]
    86 | D        | Gained mutation: You possess an exceptional clarity of
                  | mind. [potion of mutation]
   104 | D        | Noticed a water elemental
   108 | D        | Killed a water elemental
   108 | D        | Reached *** piety under Trog
   109 | D        | Reached skill level 5 in Unarmed Combat
   109 | D        | Reached XP level 3. HP: 35/40 MP: 2/2
   109 | D        | Reached XP level 4. HP: 43/49 MP: 3/3
   145 | D        | Found a glowing silver altar of Zin.
   145 | D        | Found a glowing golden altar of the Shining One.
   145 | D        | Found a white marble altar of Elyvilon.
   146 | D        | Noticed a deep elf pyromancer
   152 | D        | Noticed a fire elemental
   153 | D        | Noticed a fire elemental
   155 | D        | Slain by a fire elemental

Illustrated notes

Levels and vault maps discovered:
D:        dungeon_sprint_mu [sprint_mu_entry_forest, sprint_mu_temple_rooms,
          sprint_mu_d1_spiders, sprint_mu_d2_genie, sprint_mu_d3_branching,
          sprint_mu_orc_legion, sprint_mu_elf_gauntlet, sprint_mu_hive_nellie,
          sprint_mu_lair_fedhas, sprint_mu_vaults_butterflies,
          sprint_mu_slime_circle, sprint_mu_swamp_cave, sprint_mu_shoals_archi,
          sprint_mu_blade_basic, sprint_mu_crypt_lich, sprint_mu_tomb_spiral,
          sprint_mu_vestibule_basic, sprint_mu_gehenna_hellfire,
          sprint_mu_dis_giant, sprint_mu_tartarus_statrot,
          sprint_mu_cocytus_islands, sprint_mu_zot1]

Skill      XL: |  1  2 |
---------------+-------+-----
Fighting       | 3 4 |  4.6
Dodging        | 3 4 |  4.6
Unarmed Combat | 4 5 |  5.6

Action                     |  1- 3 |  4- 6 || total
---------------------------+-------+-------++-------
  Melee: Unarmed           |    35 |     7 ||    42
         Punch             |       |     1 ||     1
 Invoke: Berserk           |     1 |       ||     1
    Use: Potion            |     2 |       ||     2
 Armour: Animal skin       |    16 |    11 ||    27
  Dodge: Dodged            |    11 |     3 ||    14

Table legend: (Time is in decaauts)
 A = Elapsed time spent in this place.
 B = Non-inter-level travel time spent in this place.
 C = Inter-level travel time spent in this place.
 D = Time resting spent in this place.
 E = Time spent auto-exploring this place.
 F = Levels seen in this place.
 G = Mean time per level.
                   A        B        C        D        E       F      G
               +--------+--------+--------+--------+--------+-----+--------+
         Total |    160 |    160 |      0 |     40 |     58 |   1 |  160.0 |
       Dungeon |    160 |    160 |      0 |     40 |     58 |   1 |  160.0 |
               +--------+--------+--------+--------+--------+-----+--------+

Top non-repeatable levels by time:
       D: 160 daAuts
